 Dungeon Crawl Stone Soup version 0.29.0-11-gd7f09526c8 (webtiles) character file.

Game seed: 15144156246643675331

522 ketsa the Conjurer (level 7, 0/36 HPs)
             Began as a Deep Elf Conjurer on Sept 5, 2022.
             Was an Initiate of Gozag.
             Slain by a wyvern (11 damage)
             ... on level 6 of the Dungeon.
             The game lasted 00:12:04 (5216 turns).

ketsa the Conjurer (Deep Elf Conjurer)              Turns: 5216, Time: 00:12:05

Health: 0/36       AC:  4    Str:  4    XL:     7   Next: 1%
Magic:  9/17       EV: 13    Int: 27    God:    Gozag
Gold:   692        SH:  0    Dex: 21    Spells: 11/17 levels left

rFire   . . .      SeeInvis .   a - +4 dagger "Hyq Edez" {vorpal, Int+2 Dex+8}
rCold   . . .      Faith    .   (no shield)
rNeg    + . .      Spirit   .   f - +0 robe
rPois   .          Reflect  .   (no helmet)
rElec   .          Harm     .   (no cloak)
rCorr   .          Rampage  .   c - +1 pair of gloves
Will    .....                   (no boots)
Stlth   ++........              (no amulet)
HPRegen 0.12/turn               n - ring of positive energy
MPRegen 0.15/turn               (no ring)

@: no status effects
A: no striking features
a: Renounce Religion, Potion Petition, Call Merchant, Bribe Branch


You were on level 6 of the Dungeon.
You worshipped Gozag.
Gozag was pleased with you.
You visited 1 branch of the dungeon, and saw 6 of its levels.

You collected 692 gold pieces.

Inventory:

Hand Weapons
 a - the +4 dagger "Hyq Edez" (weapon) {vorpal, Int+2 Dex+8}
   (You found it on level 3 of the Dungeon)

   It inflicts extra damage upon your enemies.
   Int:       It affects your intelligence (+2).
   Dex:       It affects your dexterity (+8).
 m - a +0 dagger of speed
Armour
 c - a +1 pair of gloves (worn)
 f - a +0 robe (worn)
Jewellery
 n - a ring of positive energy (left hand)
 o - a +6 ring of strength
Wands
 u - a wand of digging (5)
Scrolls
 g - a scroll of amnesia
 j - 2 scrolls of teleportation
 r - 2 scrolls of vulnerability
Potions
 b - a potion of magic
 e - 7 potions of curing
 h - a potion of invisibility {unknown}
 i - 2 potions of ambrosia
 k - 2 potions of might
 q - a potion of mutation {unknown}


   Skills:
 - Level 2.4 Dodging
 - Level 2.4 Stealth
 + Level 5.8 Spellcasting
 * Level 7.5 Conjurations
 + Level 3.3 Hexes
 + Level 1.2 Earth Magic


You had 11 spell levels left.
You knew the following spells:

 Your Spells              Type           Power      Damage    Failure   Level
a - Magic Dart            Conj           100%       1d8       1%          1
b - Searing Ray           Conj           96%        2d7       1%          2
c - Dazzling Flash        Conj/Hex       74%        N/A       2%          3

Your spell library contained the following spells:

 Spells                   Type           Power      Damage    Failure   Level
 Shock                    Conj/Air       100%       1d9       1%          1
 Stone Arrow              Conj/Erth      62%        3d10      3%          3
 Sandblast                Erth           28%        2d8       4%          1
 Necrotise                Necr           28%        1d5       7%          1
 Fulminant Prism          Conj/Hex       18%        3d11      7%          4
 Passwall                 Tmut/Erth      9%         N/A       8%          2
 Iskenderun's Mystic Bla  Conj/Tloc      28%        2d7       14%         4
 Frozen Ramparts          Ice            14%        1d3       21%         3
 Swiftness                Air            7%         N/A       21%         3
 Vampiric Draining        Necr           7%         2d6       21%         3
 Airstrike                Air            3%         2d(1-17)  54%         4
 Ice Form                 Ice/Tmut       7%         N/A       54%         4
 Summon Ice Beast         Ice/Summ       7%         N/A       54%         4
 Agony                    Necr           7%         N/A       88%         5


Dungeon Overview and Level Annotations

Branches:
Dungeon (6/15)
 Temple: D:4-7

Altars:
Ashenzari
Gozag

Shops:
D:1 [   D:2 :

Annotations:
D:2 1 runed translucent door, Crazy Yiuf


Message History

Your butterfly disappears in a burst of colours!
The gnoll bouda hits you with a +0 club.
The wyvern bites your butterfly!
Your butterfly dies!
Your butterfly disappears in a burst of colours!
You tear a large gash into the net.
Your attacks no longer feel as feeble.
The gnoll bouda hits you with a +0 club.
The wyvern bites your butterfly!
Your butterfly dies!
Your butterfly disappears in a burst of colours!
You struggle against the net.
The wyvern bites your butterfly!!
Your butterfly dies!
Your butterfly disappears in a burst of colours!
The gnoll bouda barks out a call to the hunt!
The gnolls pick up the pace!
The gnoll closely misses you.
You rip the net and break free!
The gnoll bouda closely misses you. The gnoll barely misses you.
You hit the wyvern.
The wyvern is moderately wounded.
The wyvern bites you but does no damage.
The gnoll hits you from afar with a +0 spear.
The gnoll bouda barely misses you.
The gnoll is distracted by your dazzling golden aura.
The wyvern barely misses you.
You hit the wyvern.
The wyvern is moderately wounded.
Your butterfly disappears in a burst of colours!
The gnoll hits you from afar with a +0 spear.
The gnoll bouda barely misses you. The wyvern completely misses you.
Your magical contamination has completely faded away.
The gnoll bouda attacks as you move away!
The gnoll bouda hits you with a +0 club!
The gnoll is no longer distracted by gold.
The wyvern completely misses you.
The gnoll bouda prays to its god.
The gnoll bouda is healed somewhat.
The wyvern bites you!
You die...
Your body crumbles into a pile of gold.

..... ## ....
# #.# #...
.##..: b.##
.#...
#.b##...#
.#### #bbb..#
....$g##b.bb.#
#gg.l.bb.#
####@.(..#
#.....#
#######


You could see a wyvern, a gnoll bouda and 2 gnolls.

Vanquished Creatures
  Blork the orc (D:4)
  A scorpion (D:5)
  A jelly (D:5)
  A hound (D:5)
  2 orc priests (D:4)
  An iguana (D:5)
  An orc wizard (D:4)
  8 gnolls
  7 adders
  2 dart slugs
  A worm (D:2)
  9 orcs
  6 ball pythons
  5 endoplasms
  A giant cockroach (D:4)
  8 goblins
  4 hobgoblins
  5 jackals
  6 kobolds
  4 quokkas
  2 bats
  5 frilled lizards
  6 rats
87 creatures vanquished.

Notes
Turn   | Place    | Note
-------+----------+-------------------------------------------
     0 | D:1      | ketsa the Deep Elf Conjurer began the quest for the Orb.
     0 | D:1      | Reached XP level 1. HP: 10/10 MP: 6/6
   218 | D:1      | Reached XP level 2. HP: 9/15 MP: 1/8
   325 | D:1      | Learned a level 2 spell: Searing Ray
   541 | D:1      | Found Qios's Armour Boutique.
   939 | D:1      | Reached skill level 5 in Conjurations
  1023 | D:1      | Found a faded altar of an unknown god.
  1027 | D:1      | Prayed at the altar of an unknown god.
  1027 | D:1      | Became a worshipper of Gozag Ym Sagoz the Greedy
  1196 | D:2      | Found Vetenosh's Book Shoppe.
  1286 | D:2      | Reached XP level 3. HP: 19/19 MP: 6/10
  1385 | D:2      | Found a broken altar of Ashenzari.
  1575 | D:2      | Found a runed translucent door.
  1576 | D:2      | Noticed Crazy Yiuf
  1822 | D:3      | Identified the +4 dagger "Hyq Edez" {vorpal, Int+2 Dex+8}
  1937 | D:3      | Reached XP level 4. HP: 24/24 MP: 8/12
  2531 | D:4      | Reached skill level 6 in Conjurations
  2972 | D:4      | Reached skill level 1 in Hexes
  2972 | D:4      | Reached XP level 5. HP: 28/28 MP: 8/14
  3421 | D:4      | Reached skill level 5 in Spellcasting
  3594 | D:4      | Learned a level 3 spell: Dazzling Flash
  3597 | D:4      | Reached XP level 6. HP: 32/32 MP: 7/15
  3716 | D:4      | Noticed Blork the orc
  3722 | D:4      | Killed Blork the orc
  3723 | D:4      | Reached skill level 7 in Conjurations
  4013 | D:5      | Entered Level 5 of the Dungeon
  4355 | D:5      | Reached skill level 1 in Earth Magic
  5077 | D:6      | Noticed an ice beast
  5203 | D:6      | Reached XP level 7. HP: 36/36 MP: 14/17
  5204 | D:6      | Noticed a wyvern
  5216 | D:6      | Slain by a wyvern

Illustrated notes

Levels and vault maps discovered:
D:1:      shiori_arrival_maze, layout_loops_ring,
          shapermc_ecumenical_altar_acropolis, serial_shops,
          nicolae_shop_waterfront, minmay_misc_feat_tower, nicolae_hexahallways
D:2:      layout_basic, serial_shops, nicolae_shop_crystal, basic_altar,
          minivault_26, grunt_decor_arrowhead, minmay_misc_feat_diagonals,
          minmay_stone_trees_medium, uniq_crazy_yiuf_cottage
D:3:      layout_rooms
D:4:      layout_cave_pools, minmay_checkerbox, uniq_blork_the_orc
D:5:      layout_cave_pods
D:6:      minmay_inner_zag, layout_rooms, trog_ov_bears_minmay, temple_hall,
          gup_sewer_entry_bubbles

Skill      XL: |  1  2  3  4  5  6 |
---------------+-------------------+-----
Conjurations   | 5 6 7 |  7.5
Spellcasting   | 4 5 |  5.8
Hexes          | 1 2 3 |  3.3
Earth Magic    | 1 |  1.2
Dodging        | |  2.4
Stealth        | |  2.4

Action                   |  1- 3 |  4- 6 |  7- 9 || total
-------------------------+-------+-------+-------++-------
Melee: Dagger            |       |     7 |     2 ||     9
 Cast: Magic Dart        |    60 |   146 |     5 ||   211
       Searing Ray       |       |     7 |       ||     7
  Use: Scroll            |     1 |    10 |       ||    11
Armor: Robe              |     1 |     3 |     1 ||     5
Dodge: Dodged            |     3 |    14 |     8 ||    25
